 Dungeon Crawl Stone Soup version 0.27.1-33-g824d729ab1 (webtiles) character file.

Game seed: 17108236428107699759

98 potato4science the Skirmisher (level 4, -2/40 HPs)
             Began as a Minotaur Fighter on Dec 22, 2021.
             Killed from afar by Ijyb (6 damage)
             ... with a puff of flame
             ... on level 3 of the Dungeon.
             The game lasted 00:09:02 (2191 turns).

potato4science the Skirmisher (Minotaur Fighter)    Turns: 2191, Time: 00:09:03

Health: -2/40      AC:  7    Str: 20    XL:     4   Next: 43%
Magic:  3/3        EV:  7    Int:  6    God:
Gold:   131        SH:  9    Dex: 10    Spells: 3/3 levels left

rFire    . . .     SeeInvis .   a - +0 war axe
rCold    . . .     Faith    .   c - +0 kite shield
rNeg     . . .     Spirit   .   b - +0 scale mail
rPois    +         Reflect  .   (helmet restricted)
rElec    .         Harm     .   (no cloak)
rCorr    .         Rampage  .   (no gloves)
Will     .....                  (no boots)
Stlth    ..........             (no amulet)
HPRegen  0.13/turn              n - ring of poison resistance
MPRegen  0.08/turn              (no ring)

@: mighty
A: horns 2, retaliatory headbutt
a: no special abilities


You were on level 3 of the Dungeon.
You visited 1 branch of the dungeon, and saw 3 of its levels.

You collected 131 gold pieces.

Inventory:

Hand Weapons
 a - a +0 war axe (weapon)
 r - a +1 dagger of speed
Missiles
 g - 27 stones (quivered)
Armour
 b - a +0 scale mail (worn)
 c - a +0 kite shield (worn)
Jewellery
 n - a ring of poison resistance (left hand)
Scrolls
 e - 2 scrolls of identify {unknown}
 h - a scroll of silence {unknown}
 j - a scroll of teleportation {unknown}
 l - a scroll of magic mapping {unknown}
 m - a scroll of amnesia {unknown}
Potions
 d - a potion of might
 f - a potion of invisibility {unknown}
 i - a potion of lignification {unknown}
 k - a potion of degeneration {unknown}
 o - a potion of curing {unknown}
 p - a potion of attraction {unknown}
 q - a potion of flight {unknown}


   Skills:
 + Level 4.3 Fighting
 + Level 4.2 Axes
 + Level 4.2 Armour
 + Level 4.2 Shields


You had 3 spell levels left.
You didn't know any spells.
Your spell library contained the following spells:

 Spells                   Type           Power      Damage    Failure   Level
 Wereblood                Tmut           0%         N/A       100%        2
 Statue Form              Tmut/Erth      0%         N/A       100%        6
 Storm Form               Tmut/Air       0%         N/A       100%        7


Dungeon Overview and Level Annotations

Branches:
Dungeon (3/15)

Altars:
Dithmenos

Annotations:
D:2 1 runed translucent door, Crazy Yiuf
D:3 Ijyb


Innate Abilities, Weirdness & Mutations

You have a pair of horns on your head.
You reflexively headbutt those who attack you in melee.


Message History

The orc hits you but does no damage.
You barely miss Ijyb. Ijyb hits you but does no damage.
The orc hits you from afar with a +0 trident!
You hit Ijyb.
Ijyb is lightly wounded.
Ijyb zaps a wand.
The puff of flame hits you.
The orc hits you from afar with a +0 trident.
Ijyb barely misses you. You furiously retaliate!
You headbutt Ijyb, but do no damage. You block the orc's attack.
You barely miss Ijyb.
Ijyb is lightly wounded.
Ijyb screams, "Die!"
Ijyb zaps a wand.
The puff of flame hits you. The orc barely misses you.
You closely miss Ijyb.
Ijyb is lightly wounded.
Ijyb hits you with a +0 dagger. The orc closely misses you.
You block Ijyb's attack. The orc barely misses you.
You slash Ijyb! Your headbutt misses Ijyb.
Ijyb is heavily wounded.
Ijyb hits you but does no damage. You block the orc's attack.
You closely miss Ijyb.
Ijyb is heavily wounded.
Ijyb zaps a wand.
The puff of flame hits you.
* * * LOW HITPOINT WARNING * * *
The orc barely misses you. Ijyb hits you with a +0 dagger.
* * * LOW HITPOINT WARNING * * *
You hit Ijyb but do no damage.
Ijyb is heavily wounded.
The orc barely misses you. You block Ijyb's attack. You block the orc's attack.
You hit Ijyb but do no damage.
Ijyb is heavily wounded.
Ijyb hits you with a +0 dagger.
* * * LOW HITPOINT WARNING * * *
You block the orc's attack.
Ijyb screams, "Die!"
Ijyb zaps a wand.
You block the puff of flame.
You feel very mighty all of a sudden. The orc hits you but does no damage.
Ijyb zaps a wand.
The puff of flame hits you.
You die...

..... #... #..
#.# #<#
###.#####
#.......#
#.#.###.#
#.#.###@#######
# #.....go....#
#####.#####..
#.# #.# ..# ###


You could see Ijyb and an orc.

Vanquished Creatures
  An orc wizard (D:3)
  An adder (D:2)
  4 dart slugs
  7 ball pythons (D:1)
  3 endoplasms
  3 giant cockroaches
  4 goblins
  2 hobgoblins (D:1)
  4 jackals (D:1)
  6 kobolds
  3 quokkas (D:1)
  5 bats
  2 frilled lizards (D:2)
  4 rats
49 creatures vanquished.

Notes
Turn   | Place    | Note
-------+----------+-------------------------------------------
     0 | D:1      | potato4science the Minotaur Fighter began the quest for the
                  | Orb.
     0 | D:1      | Reached XP level 1. HP: 19/19 MP: 0/0
   205 | D:1      | Reached XP level 2. HP: 20/27 MP: 1/1
   532 | D:1      | Reached XP level 3. HP: 28/33 MP: 2/2
   923 | D:1      | Got the Guide on Shape Shifting
  1386 | D:2      | Found a shadowy altar of Dithmenos.
  1532 | D:2      | Found a runed translucent door.
  1533 | D:2      | Noticed Crazy Yiuf
  1960 | D:2      | Reached XP level 4. HP: 36/40 MP: 3/3
  2175 | D:3      | Noticed Ijyb
  2191 | D:3      | Killed from afar by Ijyb

Illustrated notes

Levels and vault maps discovered:
D:1:      dpeg_arrival_refuge, layout_basic
D:2:      layout_loops_ring, basic_altar, uniq_crazy_yiuf_cottage
D:3:      layout_loops_corners, mainiacjoe_overflow_cross_hatched,
          lemuel_round_altar, uniq_jessica, uniq_ijyb, uniq_natasha

Skill      XL: |  1  2  3 |
---------------+----------+-----
Axes           | 3 4 |  4.2
Fighting       | 4 |  4.3
Armour         | 4 |  4.2
Shields        | 4 |  4.2

Action                   |  1- 3 |  4- 6 || total
-------------------------+-------+-------++-------
Melee: War axe           |    91 |    12 ||   103
       Headbutt          |    14 |       ||    14
Throw: Stone             |    52 |       ||    52
  Use: Potion            |       |     1 ||     1
Armor: Scale mail        |    31 |     6 ||    37
Dodge: Dodged            |    22 |     8 ||    30
Block: Kite shield       |    38 |     9 ||    47
